 Dungeon Crawl Stone Soup version 0.24-a0-408-gcc1054c7ca (webtiles) character file.

Game seed: 503186566613316373

11706 Peloso the Carver (level 11, -4/97 HPs)
             Began as a Minotaur Fighter on June 5, 2019.
             Was a High Priest of Okawaru.
             Killed from afar by an ice statue (12 damage)
             ... with a bolt of cold
             ... in an ice cave.
             The game lasted 00:25:31 (12490 turns).

Peloso the Carver (Minotaur Fighter)               Turns: 12490, Time: 00:25:31

Health: -4/97      AC: 26    Str: 23    XL:     11   Next: 52%
Magic:  10/10      EV:  7    Int:  5    God:    Okawaru [*****.]
Gold:   930        SH: 13    Dex: 11    Spells: 10/10 levels left

rFire    . . .     SeeInvis .   a - +0 long sword
rCold    . . .     Gourm    .   c - +0 shield
rNeg     . . .     Faith    .   p - +0 plate armour
rPois    .         Spirit   .   (helmet restricted)
rElec    .         Reflect  .   C - +1 cloak
rCorr    .         Harm     .   G - +0 pair of gloves
MR       .....                  z - +0 pair of boots
Stlth    ..........             (no amulet)
HPRegen  0.26/turn              R - +6 ring of protection
MPRegen  0.12/turn              (no ring)

@: about to teleport
A: retaliatory headbutt, horns 2
a: Heroism, Finesse, Renounce Religion


You were in an ice cave.
You worshipped Okawaru.
Okawaru was extremely pleased with you.
You were not hungry.

You visited 3 branches of the dungeon, and saw 12 of its levels.
You also visited: Ice Cave.

You collected 1104 gold pieces.
You spent 174 gold pieces at shops.

Inventory:

Hand Weapons
 a - a +0 long sword (weapon)
 J - a +3 hand axe of flaming
Armour
 b - a +0 scale mail
 c - a +0 shield (worn)
 p - a +0 plate armour (worn)
 z - a +0 pair of boots (worn)
 C - a +1 cloak (worn)
 G - a +0 pair of gloves (worn)
Jewellery
 j - an uncursed ring of protection from cold
 y - a +3 ring of intelligence
 H - an uncursed ring of protection from cold
 K - an uncursed ring of fire
 R - a +6 ring of protection (left hand)
 S - an uncursed ring of positive energy {unknown}
Wands
 n - a wand of polymorph (10)
 v - a wand of acid (5)
 P - a wand of iceblast (10)
 Q - a wand of enslavement (16)
Scrolls
 g - 2 scrolls of magic mapping {unknown}
 h - 3 scrolls of enchant weapon
 i - a scroll of immolation {unknown}
 k - 2 scrolls of amnesia
 l - a scroll of enchant armour {unknown}
 m - 2 scrolls of fog
 o - 2 scrolls of remove curse
 r - a scroll of teleportation
 s - 2 scrolls of silence {unknown}
 B - a scroll of summoning {unknown}
 E - a scroll of blinking
 F - 2 scrolls of noise
 I - a scroll of torment {unknown}
 M - a scroll of fear {unknown}
 N - a scroll of holy word {unknown}
Potions
 d - 3 potions of might
 e - 2 potions of agility
 q - 2 potions of resistance
 t - 4 potions of curing
 u - a potion of invisibility
 w - 6 potions of brilliance
 x - a potion of lignification {unknown}
 A - a potion of flight {unknown}
 D - a potion of cancellation {unknown}
 L - a potion of berserk rage {unknown}
Miscellaneous
 O - 2 sacks of spiders
Comestibles
 f - 24 rations


   Skills:
 + Level 9.0 Fighting
 + Level 12.0 Long Blades
 + Level 4.0 Axes
 + Level 11.0 Armour
 + Level 2.3 Dodging
 + Level 1.2 Stealth
 + Level 11.9 Shields
 + Level 1.1 Invocations
 + Level 0.7 Evocations


You had 10 spell levels left.
You didn't know any spells.
Your spell library contained the following spells:

 Spells                   Type           Power        Failure   Level  Hunger
 Confusing Touch          Hex            #.....       100%        1    ##.....
 Corona                   Hex            #......      100%        1    ##.....
 Sandblast                Erth           #.....       100%        1    ##.....
 Ensorcelled Hibernation  Hex/Ice        #.....       100%        2    ###....
 Passwall                 Tmut/Erth      #.......     100%        2    ###....
 Throw Flame              Conj/Fire      #.....       100%        2    ###....
 Confuse                  Hex            #.......     100%        3    ####...
 Dazzling Spray           Conj/Hex       #.....       100%        3    ####...
 Gell's Gravitas          Tloc           #.........   100%        3    ####...
 Stone Arrow              Conj/Erth      #.....       100%        3    ####...
 Tukima's Dance           Hex            #.......     100%        3    ####...
 Petrify                  Tmut/Erth      #.......     100%        4    #####..
 Lee's Rapid Deconstruct  Erth           #.........   100%        5    ######.
 Metabolic Englaciation   Hex/Ice        #.........   100%        5    ######.
 Silence                  Hex/Air        #.........   100%        5    ######.
 Yara's Violent Unravell  Hex/Tmut       #.........   100%        5    ######.
 Bolt of Fire             Conj/Fire      #.........   100%        6    #######
 Ring of Flames           Chrm/Fire      #.........   100%        7    #######


Dungeon Overview and Level Annotations

Branches:
Dungeon (10/15)            Temple (1/1) D:6            Lair (1/6) D:8
    Orc: D:9-12

Altars:
Ashenzari
Cheibriados
Dithmenos
Elyvilon
Fedhas
Gozag
Hepliaklqana
Kikubaaqudgha
Makhleb
Nemelex Xobeh
Okawaru
Qazlal
Ru
Sif Muna
Trog
Uskayaw
Vehumet
Wu Jian
Xom
Yredelemnul
Zin
The Shining One

Shops:
D:4 *   D:6 *   D:8 *

Annotations:
IceCv exclusion: 2 ice statues


Innate Abilities, Weirdness & Mutations

You reflexively headbutt those who attack you in melee.
You have a pair of horns on your head.


Message History

Okawaru accepts your kill.
The ice beast disappears in a puff of smoke! x2
Your Axes skill increases to level 4!
Your Armour skill increases to level 11!
You are engulfed in freezing vapours.
* * * LOW HITPOINT WARNING * * *
The ice beast barely misses you.
You riposte.
You slash the ice beast!
The ice beast is moderately wounded.
Okay, then.
As you read the scroll of teleportation, it crumbles to dust.
You feel strangely unstable.
You are engulfed in freezing vapours.
* * * LOW HITPOINT WARNING * * *
The ice statue gestures.
You block the ice beast's attack.
The ice statue gestures.
The ice beast hits you but does no damage.
The white ugly thing gurgles horribly!
The ice statue gestures at you. The bolt of cold hits you!
You die...

### ############# ..##
##..!..#.°.@.##
...###......#°YY...##
....#.......#.......#
....#.......#°......#
.∩............Y...Y.8.
....#.......#.......#.u
....#......÷#.......#...
...###.....)#......## ..
..## ##.....#8....##


You could see an ice statue, a white ugly thing and 4 ice beasts.

Vanquished Creatures
  A hydra (Lair:1)
  2 two-headed ogres
  3 ugly things
  An ice statue (IceCv)
  Joseph (D:9)
  Psyche (D:9)
  A komodo dragon (Lair:1)
  A rime drake (Lair:1)
  3 trolls
  Prince Ribbit (D:9)
  A hippogriff (Lair:1)
  A spriggan (D:8)
  3 yaks (Lair:1)
  Duvessa (D:6)
  A hornet zombie (D:7)
  3 orc warriors
  2 sky beasts
  2 black bears (D:6)
  A phantom (D:8)
  15 ice beasts
  3 ogres
  A necrophage (D:7)
  A centaur (D:7)
  A crocodile (D:8)
  7 bullfrogs
  A gnoll sergeant (D:6)
  A water moccasin zombie (D:5)
  Dowan (D:6)
  2 scorpions
  8 killer bees
  7 electric eels (D:7)
  5 howler monkeys
  A bullfrog zombie (D:5)
  3 crimson imps
  A jelly (D:5)
  2 orc priests
  Crazy Yiuf (D:7)
  A hound (D:4)
  A centaur skeleton (D:4)
  4 iguanas
  Ijyb (D:5)
  2 bullfrog skeletons
  3 worker ants (D:7)
  7 orc wizards
  2 hound skeletons
  A howler monkey zombie (D:8)
  Robin (D:3)
  13 adders
  6 gnolls
  2 oozes (D:6)
  An adder skeleton (D:6)
  2 worms
  2 dart slugs
  4 leopard geckos
  29 orcs
  3 bats (D:1)
  14 giant cockroaches
  18 goblins
  12 hobgoblins
  14 jackals
  5 quokkas
  4 frilled lizards
  7 kobolds
  2 quokka skeletons
  A quokka zombie (D:8)
  18 rats
271 creatures vanquished.

Vanquished Creatures (others)
  A giant cockroach (D:7)
  A plant (D:7)
2 creatures vanquished.

Grand Total: 273 creatures vanquished

Notes
Turn   | Place    | Note
-------+----------+-------------------------------------------
     0 | D:1      | Peloso the Minotaur Fighter began the quest for the Orb.
     0 | D:1      | Reached XP level 1. HP: 19/19 MP: 0/0
    75 | D:1      | Reached XP level 2. HP: 24/27 MP: 1/1
   344 | D:1      | Reached XP level 3. HP: 32/33 MP: 2/2
   897 | D:2      | Reached skill level 3 in Long Blades
   921 | D:2      | Reached XP level 4. HP: 35/40 MP: 3/3
  1571 | D:2      | Found an ancient bone altar of Kikubaaqudgha.
  1571 | D:2      | Noticed a human
  1741 | D:3      | Noticed Robin
  1761 | D:3      | Killed Robin
  1972 | D:3      | Reached skill level 4 in Long Blades
  1972 | D:3      | Reached XP level 5. HP: 17/46 MP: 4/4
  2955 | D:4      | Noticed a moth of wrath
  2958 | D:4      | Found a bloodstained altar of Trog.
  3008 | D:4      | Found Kawn's Elemental Accessories.
  3093 | D:4      | Reached skill level 5 in Armour
  3096 | D:4      | Reached skill level 1 in Dodging
  3124 | D:4      | Found a glowing golden altar of the Shining One.
  3202 | D:4      | Reached skill level 5 in Long Blades
  3202 | D:4      | Reached XP level 6. HP: 42/53 MP: 5/5
  3454 | D:4      | Reached skill level 5 in Shields
  3642 | D:4      | Reached skill level 6 in Long Blades
  3655 | D:4      | Found a hazy altar of Hepliaklqana.
  3850 | D:5      | Entered Level 5 of the Dungeon
  3937 | D:5      | Noticed a sky beast
  3957 | D:5      | Killed a sky beast
  3957 | D:5      | Reached XP level 7. HP: 52/60 MP: 6/6
  4124 | D:5      | Reached skill level 7 in Long Blades
  4228 | D:5      | Noticed Ijyb
  4239 | D:5      | Killed Ijyb
  4464 | D:5      | Reached skill level 5 in Fighting
  4988 | D:6      | Found Zeaklomn's General Store.
  4991 | D:6      | Bought a scroll of identify for 24 gold pieces
  4991 | D:6      | Bought a scroll of blinking for 90 gold pieces
  4991 | D:6      | Bought a scroll of fog for 24 gold pieces
  4991 | D:6      | Bought a scroll of teleportation for 36 gold pieces
  4999 | D:6      | Reached XP level 8. HP: 66/68 MP: 7/7
  5018 | D:6      | Found a staircase to the Ecumenical Temple.
  5044 | Temple   | Entered the Ecumenical Temple
  5082 | Temple   | Became a worshipper of Warmaster Okawaru
  5136 | D:6      | Reached skill level 8 in Long Blades
  5277 | D:6      | Found a glowing silver altar of Zin.
  5379 | D:6      | Reached * piety under Okawaru
  5652 | D:6      | Noticed Duvessa
  5652 | D:6      | Noticed Dowan
  5673 | D:6      | Killed Duvessa
  5691 | D:6      | Killed Dowan
  5845 | D:6      | Reached XP level 9. HP: 22/75 MP: 8/8
  6176 | D:6      | Reached skill level 9 in Long Blades
  6312 | D:6      | Identified the Compendium of Fire and the Birds
  6419 | D:6      | Found an ornate altar of the Wu Jian Council.
  6547 | D:6      | Reached ** piety under Okawaru
  7101 | D:7      | Noticed a troll
  7109 | D:7      | Killed a troll
  7146 | D:7      | Noticed a +0 hand axe
  7147 | D:7      | Noticed a +0 hand axe
  7155 | D:7      | Found a hide-covered altar of Uskayaw.
  7377 | D:7      | Found a blossoming altar of Fedhas.
  7677 | D:7      | Found a runed translucent door.
  7678 | D:7      | Noticed Crazy Yiuf
  7740 | D:7      | Reached skill level 10 in Long Blades
  8138 | D:7      | Killed Crazy Yiuf
  8199 | D:8      | Found a white marble altar of Elyvilon.
  8260 | D:8      | Reached *** piety under Okawaru
  8284 | D:8      | Found a staircase to the Lair.
  8657 | D:8      | Reached XP level 10. HP: 71/86 MP: 9/9
  8776 | D:8      | Found Gozag's Platinum Reserve.
  8779 | D:8      | Found an opulent altar of Gozag.
  8911 | D:8      | Found a shattered altar of Ashenzari.
  8927 | D:8      | Reached skill level 10 in Shields
  9022 | D:8      | Reached skill level 1 in Stealth
  9170 | D:9      | Noticed a two-headed ogre
  9183 | D:9      | Killed a two-headed ogre
  9183 | D:9      | Reached **** piety under Okawaru
  9232 | D:9      | Found a shadowy altar of Dithmenos.
  9259 | D:9      | Noticed Prince Ribbit
  9277 | D:9      | Killed Prince Ribbit
  9342 | D:9      | Noticed Psyche
  9343 | D:9      | Noticed Joseph
  9437 | D:9      | Killed Psyche
  9625 | D:9      | Killed Joseph
  9756 | D:10     | Entered Level 10 of the Dungeon
  9924 | D:10     | Noticed a purple ugly thing
  9930 | D:10     | Noticed a purple ugly thing
  9948 | D:10     | Killed a white ugly thing
  9948 | D:10     | Reached skill level 11 in Long Blades
 10431 | D:10     | Killed a purple ugly thing
 10598 | D:10     | Reached skill level 10 in Armour
 10755 | D:10     | Noticed a two-headed ogre
 10770 | D:10     | Killed a two-headed ogre
 10880 | D:10     | Reached skill level 1 in Invocations
 10880 | D:10     | Reached XP level 11. HP: 87/95 MP: 10/10
 11527 | Lair:1   | Entered Level 1 of the Lair of Beasts
 11565 | Lair:1   | Reached ***** piety under Okawaru
 11650 | Lair:1   | Noticed a six-headed hydra
 11663 | Lair:1   | Killed a one-headed hydra
 11692 | Lair:1   | Found a frozen archway.
 11702 | Lair:1   | Reached skill level 1 in Axes
 11708 | Lair:1   | Reached skill level 12 in Long Blades
 11969 | IceCv    | Entered an ice cave
 12245 | IceCv    | Noticed a white ugly thing
 12261 | IceCv    | Killed a white ugly thing
 12489 | IceCv    | Noticed a white ugly thing
 12490 | IceCv    | Killed from afar by an ice statue

Levels and vault maps discovered:
D:1:      onia_arrival_larder, layout_loops_cross
D:2:      layout_loops_corners, first_ration, tgw_kikubaaqudgha
D:3:      layout_loops_ring, chequers_serial_rivers_large_b, feat_on_display,
          uniq_robin
D:4:      layout_cave_pods, lemuel_doored_altar, tgw_trog, lemuel_crystal_altar,
          serial_column_ruins, column_ruins_hut_water, column_ruins_hut,
          column_ruins_grid_4, column_ruins_open_tiny,
          column_ruins_corridor_straight, column_ruins_columns_corner,
          column_ruins_grid_1, nicolae_elemental_shop
D:5:      corexii_shack_village, layout_basic, uniq_ijyb
D:6:      minmay_polygon_palace, layout_basic, kennysheep_mini, zin_treasury,
          minmay_temple_entry_grid, serial_shops, shop, uniq_duvessa
D:7:      kb_forest_paths, layout_rooms, dancing_weapons_uskayaw,
          fedhas_altar_2, serial_bayou, serial_bayou_shore_b,
          serial_bayou_ford_a, serial_bayou_lagoon_b, serial_bayou_pond_c,
          serial_bayou_pond_e, uniq_crazy_yiuf_cottage
D:8:      layout_gridville, kennysheep_little_box, elyvilon_altar_5,
          nicolae_gozag_zags_fifth_avenue, lair_entry_dummy,
          grunt_decor_one_mirror, the_bakery, chequers_mini_garden,
          minmay_fountain_box, dk_vineyard_3
D:9:      layout_roguey, lemuel_coloured_pillars_altar, nrook_loot_triangle,
          uniq_joseph, uniq_psyche, uniq_prince_ribbit1
D:10:     layout_grid_maze
Temple:   compressed_dpeg_circular_temple
Lair:1:   layout_regular_city, portal_ice_cave_entry_ice_beasts,
          infiniplex_staircase_pool_2
IceCv:    ice_cave_statue_garden_chambered

Skill      XL: |  1  2  3  4  5  6  7  8  9 10 11 |
---------------+----------------------------------+-----
Shields        | 4 5 6 8 9 11 | 11.9
Armour         | 4 5 6 7 9 10 11 | 11.0
Fighting       | 4 5 6 7 8 9 |  9.0
Long Blades    | 3 4 5 6 7 8 10 11 12 | 12.0
Dodging        | 1 2 |  2.3
Stealth        | 1 |  1.2
Invocations    | 1 |  1.1
Axes           | 4 |  4.0
Evocations     | |  0.7

Action                   |  1- 3 |  4- 6 |  7- 9 | 10-12 || total
-------------------------+-------+-------+-------+-------++-------
Melee: Long sword        |   118 |   188 |   470 |   253 ||  1029
       Headbutt          |    18 |    33 |   102 |    75 ||   228
       Unarmed           |       |    16 |       |       ||    16
       Hand axe          |       |       |       |    57 ||    57
Invok: Heroism           |       |       |     1 |     6 ||     7
Evoke: Wand              |       |       |    14 |       ||    14
  Use: Scroll            |       |       |     6 |     6 ||    12
  Eat: Chunk             |       |    10 |     9 |     7 ||    26
       Ration            |       |       |     2 |     2 ||     4
Armor: Scale mail        |    62 |    23 |       |       ||    85
       Plate armour      |       |    72 |   249 |   196 ||   517
Dodge: Dodged            |    39 |    44 |    92 |    70 ||   245
Block: Shield            |    66 |   100 |   256 |   185 ||   607
       Rpst.: Long sword |     9 |     8 |    23 |    10 ||    50

Table legend:
 A = Non-vault XP
 B = Vault XP
 C = Vault XP percentage of total XP
 D = Non-vault monster count
 E = Vault monster count
 F = Vault count percentage of total count
                 A         B        C        D         E       F
            +---------+---------+-------+---------+---------+-------
      Total |   11054 |    5669 |  33.9 |     193 |      78 |  28.8
            +---------+---------+-------+---------+---------+-------
        D:1 |      62 |      16 |  20.5 |      36 |      10 |  21.7
        D:2 |      32 |       0 |   0.0 |      16 |       0 |   0.0
        D:3 |      86 |      39 |  31.2 |      12 |      13 |  52.0
        D:4 |     394 |       5 |   1.3 |      21 |       5 |  19.2
        D:5 |     598 |      55 |   8.4 |      19 |      10 |  34.5
        D:6 |    1039 |     876 |  45.7 |      20 |      15 |  42.9
        D:7 |    1367 |     417 |  23.4 |      29 |       5 |  14.7
        D:8 |     846 |     220 |  20.6 |      19 |       1 |   5.0
        D:9 |    1020 |    1163 |  53.3 |       4 |       3 |  42.9
       D:10 |    2822 |       0 |   0.0 |       8 |       0 |   0.0
     Lair:1 |    2788 |    1049 |  27.3 |       9 |       8 |  47.1
      IceCv |       0 |    1829 | 100.0 |       0 |       8 | 100.0
            +---------+---------+-------+---------+---------+-------
